 Dungeon Crawl Stone Soup version 0.28.0-45-g0d030f2227 (webtiles) character file.

Game seed: 11219251407102959153

1910319 maxonian the Conqueror (level 27, 323/323 HPs)
             Began as an Ogre Berserker on Mar 28, 2022.
             Was a High Priest of Trog.
             Escaped with the Orb
             ... and 4 runes on Mar 31, 2022!
             The game lasted 06:58:53 (97422 turns).

maxonian the Conqueror (Ogre Berserker)            Turns: 97422, Time: 06:58:54

Health: 323/323    AC: 26    Str: 35    XL:     27
Magic:  32/32      EV:  5    Int:  8    God:    Trog [*****.]
Gold:   1012       SH: 34    Dex: 12    Spells: 26/26 levels left

rFire   + + +      SeeInvis .   a - +8 mithril axe "Arga" {speed, Will+}
rCold   + + .      Faith    .   s - +8 tower shield {rN+}
rNeg    + + +      Spirit   .   v - +2 gold dragon scales
rPois   +          Reflect  +   I - -2 hat of the Alchemist {rElec rPois rF+ rC+ rN+ Will+ rMut rCorr}
rElec   +          Harm     .   Q - +2 cloak "Uwnyczebb" {rF+ rN+ MP+9}
rCorr   +          Rampage  .   (gloves unavailable)
rMut    +                       (boots unavailable)
Will    ++++.                   g - amulet of reflection
Stlth   ..........              S - +4 ring of slaying
HPRegen 0.63/turn               w - +4 ring of slaying
MPRegen 0.23/turn

@: no status effects
A: large, unfitting armour, tough skin 1, talons 1, fire resistance 1,
MP-powered wands
0: Orb of Zot
}: 4/15 runes: serpentine, barnacled, slimy, silver
a: Renounce Religion, Berserk, Trog's Hand, Brothers in Arms


You escaped.
You worshipped Trog.
Trog was extremely pleased with you.
You visited 10 branches of the dungeon, and saw 53 of its levels.
You visited the Abyss 1 time.
You visited 1 bazaar.
You also visited: Bailey, Ice Cave and Desolation.

You collected 8228 gold pieces.
You spent 7216 gold pieces at shops.

Inventory:

Hand Weapons
 a - the +8 mithril axe "Arga" (weapon) {speed, Will+}
   (You bought it in a shop in a bazaar)

   Attacks with this weapon are significantly faster.
   Will:      It increases your willpower.
 b - the +3 sling "Punk" {acid, rCorr}
   (You bought it in a shop in a bazaar)

   Any ammunition fired from it is coated in acid, damaging and corroding those
   it strikes.
   rCorr:     It protects you from acid and corrosion.
 e - a +9 broad axe of freezing
   (You found it on level 2 of the Lair of Beasts)
 t - a +6 trishula of holy wrath
   (You took it off Mennas on level 2 of the Vaults)
 B - a +3 long sword of holy wrath
   (You took it off a daeva on level 1 of the Abyss)
 K - a +5 antimagic broad axe {god gift}
   (Trog gifted it to you on level 4 of the Pits of Slime)
 M - the +5 demon whip "Spellbinder" {antimagic, Will+}
   (You found it on level 5 of the Pits of Slime)

   It reduces the magical energy of the wielder, and disrupts the spells and
   magical abilities of those it strikes.
   Natural abilities and divine invocations are not affected.
   It unleashes wild and unpredictable magical effects upon striking a wizard or
   a creature with magical abilities.
   Will:      It increases your willpower.
Missiles
 m - 103 large rocks (quivered)
 q - 417 sling bullets
 x - 16 atropa-tipped darts
 G - 12 throwing nets
Armour
 f - a scarf of repulsion
   (You found it on level 6 of the Lair of Beasts)
 s - a +8 tower shield of positive energy (worn)
   (You took it off a naga warrior on level 3 of the Snake Pit)
 v - +2 gold dragon scales (worn)
   (You found it on level 4 of the Depths)
 I - the -2 hat of the Alchemist (worn) {rElec rPois rF+ rC+ rN+ Will+ rMut rCorr}
   (You acquired it on level 4 of the Vaults)

   rF:        It protects you from fire.
   rC:        It protects you from cold.
   rElec:     It insulates you from electricity.
   rPois:     It protects you from poison.
   rN:        It protects you from negative energy.
   rCorr:     It protects you from acid and corrosion.
   rMut:      It protects you from mutation.
   Will:      It increases your willpower.
 Q - the +2 cloak "Uwnyczebb" (worn) {rF+ rN+ MP+9}
   (You acquired it on level 1 of the Realm of Zot)

   rF:        It protects you from fire.
   rN:        It protects you from negative energy.
   MP:        It affects your magic capacity (+9).
Jewellery
 g - an amulet of reflection (around neck)
   (You bought it in a shop on level 7 of the Dungeon)
 p - the ring "Yteuh" {rElec SInv}
   (You found it in the Desolation of Salt)

   [ring of see invisible]

   rElec:     It insulates you from electricity.
   SInv:      It lets you see invisible.
 w - a +4 ring of slaying (right hand)
   (You found it on level 3 of the Vaults)
 C - the ring of Firorum {rN+ Will+}
   (You found it in the Desolation of Salt)

   [ring of willpower]

   rN:        It protects you from negative energy.
   Will:      It increases your willpower.
 E - the ring "Byem Pys" {rF+ rC+ rN+ Int+4}
   (You bought it in a shop on level 1 of the Snake Pit)

   [ring of positive energy]

   Int:       It affects your intelligence (+4).
   rF:        It protects you from fire.
   rC:        It protects you from cold.
   rN:        It protects you from negative energy.
 L - the ring "Ygras" {Contam rElec rPois Dex+4}
   (You found it on level 3 of the Abyss)

   [ring of poison resistance]

   Dex:       It affects your dexterity (+4).
   rElec:     It insulates you from electricity.
   rPois:     It protects you from poison.
   Contam:    It causes magical contamination when unequipped.
 O - the ring of Nudysa {rF+ rC+ MP+9}
   (You found it in the Desolation of Salt)

   [ring of magical power]

   rF:        It protects you from fire.
   rC:        It protects you from cold.
   MP:        It affects your magic capacity (+9).
 S - a +4 ring of slaying (left hand)
   (You bought it in a shop on level 7 of the Dungeon)
 T - the ring of Hemyogo {Dex+6 SInv}
   (You took it off a green draconian on level 5 of the Realm of Zot)

   [ring of see invisible]

   Dex:       It affects your dexterity (+6).
   SInv:      It lets you see invisible.
 Y - a ring of flight
   (You found it on level 5 of the Lair of Beasts)
Wands
 H - a wand of acid (30)
   (You found it on level 5 of the Dungeon)
 N - a wand of digging (19)
   (You found it on level 14 of the Dungeon)
Scrolls
 h - 10 scrolls of fog
 j - 8 scrolls of magic mapping
 l - a scroll of summoning
 r - 3 scrolls of silence
 u - 9 scrolls of fear
 y - 18 scrolls of teleportation
 J - 3 scrolls of immolation
 R - 6 scrolls of blinking
 W - 3 scrolls of brand weapon
 X - 2 scrolls of holy word
Potions
 c - 4 potions of berserk rage
 d - 5 potions of invisibility
 i - 10 potions of might
 k - 10 potions of heal wounds
 n - 6 potions of flight
 o - 3 potions of resistance
 A - 20 potions of curing
 D - 2 potions of mutation
 F - 3 potions of magic
 P - 5 potions of cancellation
 U - 7 potions of ambrosia
 V - 10 potions of lignification
Miscellaneous
 Z - a phantom mirror
   (You found it on level 1 of the Elven Halls)


   Skills:
 O Level 27 Fighting
 - Level 23.0 Axes
 - Level 9.1(14.4) Slings
 * Level 22.1(23.0) Throwing
 - Level 17.0 Armour
 - Level 2.6 Dodging
 - Level 21.3 Shields


You had 26 spell levels left.
You didn't know any spells.
Your spell library contained the following spells:

 Spells                   Type           Power      Damage    Failure   Level
 Apportation              Tloc           0%         N/A       100%        1
 Beastly Appendage        Tmut           0%         N/A       100%        1
 Magic Dart               Conj           0%         1d3       100%        1
 Sandblast                Erth           0%         2d4       100%        1
 Shock                    Conj/Air       0%         1d3       100%        1
 Sting                    Tmut/Pois      0%         1d3       100%        1
 Call Imp                 Summ           0%         N/A       100%        2
 Corpse Rot               Necr/Air       0%         N/A       100%        2
 Ensorcelled Hibernation  Hex/Ice        0%         N/A       100%        2
 Passwall                 Tmut/Erth      0%         N/A       100%        2
 Poisonous Vapours        Pois/Air       0%         N/A       100%        2
 Searing Ray              Conj           0%         2d4       100%        2
 Static Discharge         Conj/Air       0%         N/A       100%        2
 Wereblood                Tmut           0%         N/A       100%        2
 Call Canine Familiar     Summ           0%         N/A       100%        3
 Confusing Touch          Hex            0%         N/A       100%        3
 Dazzling Flash           Conj/Hex       0%         N/A       100%        3
 Gell's Gravitas          Tloc           0%         N/A       100%        3
 Ignite Poison            Fire/Tmut/Pois 0%         N/A       100%        3
 Inner Flame              Hex/Fire       0%         N/A       100%        3
 Lesser Beckoning         Tloc           0%         N/A       100%        3
 Mephitic Cloud           Conj/Pois/Air  0%         N/A       100%        3
 Ozocubu's Armour         Ice            0%         N/A       100%        3
 Portal Projectile        Hex/Tloc       0%         N/A       100%        3
 Spider Form              Tmut/Pois      0%         N/A       100%        3
 Stone Arrow              Conj/Erth      0%         3d7       100%        3
 Summon Guardian Golem    Hex/Summ       0%         N/A       100%        3
 Swiftness                Air            0%         N/A       100%        3
 Teleport Other           Tloc           0%         N/A       100%        3
 Tukima's Dance           Hex            0%         N/A       100%        3
 Airstrike                Air            0%         N/A       100%        4
 Anguish                  Hex/Necr       0%         N/A       100%        4
 Animate Armour           Summ/Erth      0%         N/A       100%        4
 Animate Dead             Necr           0%         N/A       100%        4
 Cause Fear               Hex            0%         N/A       100%        4
 Dispel Undead            Necr           0%         3d6       100%        4
 Fulminant Prism          Conj/Hex       0%         3d6       100%        4
 Hailstorm                Conj/Ice       0%         3d3       100%        4
 Ice Form                 Ice/Tmut       0%         N/A       100%        4
 Iskenderun's Mystic Bla  Conj/Tloc      0%         2d3       100%        4
 Olgreb's Toxic Radiance  Pois           0%         N/A       100%        4
 Petrify                  Tmut/Erth      0%         N/A       100%        4
 Sticky Flame             Conj/Fire      0%         2d3       100%        4
 Summon Ice Beast         Ice/Summ       0%         N/A       100%        4
 Agony                    Necr           0%         N/A       100%        5
 Alistair's Intoxication  Tmut/Pois      0%         N/A       100%        5
 Blade Hands              Tmut           0%         N/A       100%        5
 Borgnjor's Vile Clutch   Necr/Erth      0%         N/A       100%        5
 Excruciating Wounds      Necr           0%         N/A       100%        5
 Freezing Cloud           Conj/Ice/Air   0%         6-21      100%        5
 Iskenderun's Battlesphe  Conj           0%         2d6       100%        5
 Lee's Rapid Deconstruct  Erth           0%         3d5*      100%        5
 Lightning Bolt           Conj/Air       0%         1d11      100%        5
 Metabolic Englaciation   Hex/Ice        0%         N/A       100%        5
 Silence                  Hex/Air        0%         N/A       100%        5
 Summon Mana Viper        Hex/Summ       0%         N/A       100%        5
 Yara's Violent Unravell  Hex/Tmut       0%         3d3       100%        5
 Dispersal                Tloc           0%         N/A       100%        6
 Eringya's Noxious Bog    Tmut/Pois      0%         N/A       100%        6
 Iron Shot                Conj/Erth      0%         9d1       100%        6
 Simulacrum               Ice/Necr       0%         N/A       100%        6
 Starburst                Conj/Fire      0%         6d3       100%        6
 Statue Form              Tmut/Erth      0%         N/A       100%        6
 Enfeeble                 Hex            0%         N/A       100%        7
 Haunt                    Necr/Summ      0%         N/A       100%        7
 Monstrous Menagerie      Summ           0%         N/A       100%        7
 Spellforged Servitor     Conj/Summ      0%         N/A       100%        7
 Discord                  Hex            0%         N/A       100%        8
 Disjunction              Tloc           0%         N/A       100%        8
 Infestation              Necr           0%         N/A       100%        8
 Maxwell's Capacitive Co  Air            0%         ∞         100%        8
 Fire Storm               Conj/Fire      0%         5d1       100%        9
 Polar Vortex             Ice            0%         N/A       100%        9


Dungeon Overview and Level Annotations

Branches:
Dungeon (15/15)            Temple (0/1) D:7            Lair (6/6) D:10
 Shoals (4/4) Lair:4        Snake (4/4) Lair:3        Slime (5/5) Lair:6
    Orc (2/2) D:9             Elf (3/3) Orc:2        Vaults (5/5) D:13
  Crypt (0/3) Vaults:2     Depths (4/4) D:15            Zot (5/5) Depths:4
 Bailey (visited)           IceCv (visited)         Desolation (visited)

Altars:
Ashenzari
Cheibriados
Gozag
Hepliaklqana
Kikubaaqudgha
Okawaru
Qazlal
Sif Muna
Trog
Xom
Yredelemnul
The Shining One
Jiyva

Shops:
D:7 :=*=*   D:14 *   D:15 :   Orc:2 =*(*   Elf:1 ?   Elf:2 *(*(   Elf:3 *((?
Shoals:1 **   Shoals:3 [   Snake:1 =   Snake:2 =   Snake:4 :==

Portals:
Hell: Depths:1 Depths:2 Depths:3 Depths:4
Abyss: Depths:2 Depths:3 Depths:4
Pandemonium: Orc:2 Depths:2 Depths:3
Ziggurat: Depths:2
Trove: Vaults:1 (lose all piety)

Annotations:
D:10 exclusion: downstairs
Lair:1 exclusion: downstairs
Snake:3 1 runed translucent door, Dadghomedgh's ghost, adept GnWz
Vaults:1 bazaar
Depths:3 1 runed translucent door
Zot:4 exclusion: upstairs
Zot:5 exclusion: upstairs


Innate Abilities, Weirdness & Mutations

You are too large for most types of armour.
You have tough skin. (AC +1)
You have sharp toenails.
Your flesh is heat resistant. (rF+)
You expend magic power (3 MP) to strengthen your wands.


Message History

Where to? (Enter - D:1, ? - help)
An ice devil comes into view.
Unknown command.
You feel the effects of Trog's Hand fading.
Your skin stops crawling.
You feel less strong-willed.
Aiming: Dig
Press: ? - help, Shift-Dir - straight line You can't see that place.
You feel a surge of power!
The rock shatters into small pieces.
Things that are here:
a +0 leather armour; a +0 whip
There is a stone staircase leading up here.
You climb upwards.
There is a stone staircase leading down here.
Your skin crawls.
You feel strong-willed.
A large abomination comes into view.
The large abomination moves out of view.
There is a stone staircase leading up, spattered with blood here.
You climb upwards.
There is a stone staircase leading down here.
You feel yourself speed up.
An Orb Guardian comes into view.
You feel the effects of Trog's Hand fading.
You see here a potion of attraction.
There is a stone staircase leading up here.
You climb upwards.
There is a stone staircase leading down here.
Your skin stops crawling.
You feel less strong-willed.
You open the door.
Your extra speed is starting to run out.
There is an open door here.
You feel yourself slow down.
There is a stone staircase leading up here.
You climb upwards.
There is a stone staircase leading down here.
Aiming: Dig
Press: ? - help, Shift-Dir - straight line You can't see that place. [the floor.]
You feel a surge of power!
The rock shatters into small pieces.
There is a stone staircase leading up here.
Okay, then.
You climb upwards.
There is a stone staircase leading down here.
There is a large open door here.
There is a large open door here.
There is a staircase leading out of the dungeon here.
You don't know any spells.
You have escaped!

##...############# ##.....##.#
'..### #########'###'##.# ####
##......#.......#.# #
####....>..'.......#.# ......
...........#.⌠.8.⌠.#.#
###########.####'###.......#.#
>............###'###.......#.####
###.#######..##...##########.....
#.# #..##.@.##########.####
#.#######..##...'..........##..
###.#........###############....#
....#.######.###############.÷###
....#...[........................
.......#######.#......#..###.####
.............#.#......#..........
.............+...........#....###
.............#.#..#.#.#...[......


There were no monsters in sight!

Vanquished Creatures
  the Royal Jelly (Slime:5)
  4 dread liches
  2 ancient liches
  Mara (Vaults:3)
  6 orbs of fire
  Mennas (Vaults:2)
  3 juggernauts
  5 Killer Klowns
  Vashnia (Snake:2)
  A curse toe (Zot:4)
  Saint Roka (Elf:2)
  8 golden dragons
  2 profane servitors (Abyss:3)
  5 bone dragons
  Nikola (Shoals:3)
  4 electric golems
  17 tentacled monstrosities
  4 liches
  25 Orb Guardians
  3 titans (Vaults:5)
  6 death cobs
  13 tentacled starspawn
  4 quicksilver dragons
  3 deep elf blademasters
  2 deep elf master archers (Elf:3)
  19 acid blobs
  3 Executioners
  2 walking frostbound tomes
  6 shadow dragons
  6 sphinxes
  A revenant (Abyss:3)
  8 storm dragons
  19 rockslimes
  A daeva (Abyss:1)
  7 nagarajas
  5 tengu reavers
  13 azure jellies
  11 frost giants
  9 fire giants
  3 orc warlords
  7 draconian monks
  Louise (Depths:4)
  9 draconian shifters
  3 imperial myrmidons (Desolation)
  6 draconian knights
  13 vault wardens
  5 draconian scorchers
  7 deep elf sorcerers
  A ghost moth (Zot:5)
  7 deep elf elementalists
  Aizul (Snake:2)
  A caustic shrike skeleton (Depths:3)
  9 stone giants
  3 draconian stormcallers
  21 ironbound preservers
  6 war gargoyles
  8 draconian annihilators
  11 quicksilver oozes
  2 lorocyprocas (Abyss:3)
  22 very ugly things
  5 ironbound thunderhulks
  4 vampire knights
  8 green draconians
  16 black draconians
  14 red draconians
  An entropy weaver (Vaults:2)
  5 deep elf annihilators
  A halazid warlock (Desolation)
  4 dire elephants (Vaults:1)
  5 deep elf demonologists
  Azrael (D:14)
  13 purple draconians
  15 yellow draconians
  10 white draconians
  9 merfolk impalers
  The ghost of Mattiprrivan the Carver, a journeyman DrBe of Trog (Shoals:1)
  4 crystal guardians
  A minotaur (Shoals:4)
  A quicksilver dragon zombie (Depths:3)
  2 merfolk javelineers
  The ghost of ciphuk the Thaumaturge, a journeyman GnVM of Ashenzari (Orc:2)
  4 deep elf death magi
  9 ettins
  A green death (Abyss:3)
  5 fire dragons
  17 yaktaur captains
  6 deep elf high priests
  Harold (D:8)
  13 great orbs of eyes
  3 ice dragons
  33 vault guards
  4 boulder beetles
  2 ragged hierophants (Desolation)
  6 servants of whispers (Desolation)
  5 peacekeepers
  22 naga warriors
  2 ogre magi
  3 spriggan air magi
  8 ironbound frosthearts
  4 catoblepae
  4 merfolk avatars
  2 hell beasts (Depths:2)
  3 rakshasas
  14 hydras
  A demonspawn (Orc:2)
  3 salamander tyrants
  10 anacondas
  12 centaur warriors
  2 alligator snapping turtles
  5 two-headed ogres
  4 merfolk aquamancers
  22 dancing weapons
  4 deep troll earth magi
  17 death yaks
  7 deep troll shamans
  12 satyrs
  3 hell hogs
  7 tengu warriors
  17 naga sharpshooters
  4 spriggan berserkers
  9 orc high priests
  6 shock serpents
  3 vampire magi
  13 thrashing horrors
  A hell knight (Vaults:5)
  A sun demon (Abyss:3)
  A titan skeleton (Abyss:3)
  19 deep elf knights
  7 sixfirhies
  5 iron trolls
  14 sea snakes
  A storm dragon skeleton (Depths:3)
  8 wretched stars
  5 salamander mystics
  2 spatial maelstroms (Abyss:3)
  39 starcursed masses
  6 glowing orange brains
  A shadow demon (Depths:3)
  2 flayed ghosts
  A quicksilver dragon simulacrum (Depths:2)
  A bunyip zombie (Abyss:1)
  6 naga ritualists
  7 wizards
  9 harpies
  A glowing orange brain (shapeshifter) (Vaults:3)
  61 deep trolls
  An obsidian statue (Shoals:1)
  29 ironbound convokers
  An anaconda skeleton (Abyss:1)
  12 orc knights
  8 phantasmal warriors
  2 stone giant zombies
  10 necromancers
  41 deep elf zephyrmancers
  14 deep elf archers
  An oklob plant (Snake:2)
  9 lindwurms
  7 mana vipers
  19 manticores
  3 orc sorcerers (Orc:2)
  57 ugly things
  32 deep elf pyromancers
  15 fauns
  A frost giant skeleton (Vaults:4)
  2 worldbinders
  5 shining eyes
  23 cyclopes
  20 salamanders
  22 moths of wrath
  A stone giant skeleton (Vaults:1)
  An ice statue (IceCv)
  9 merfolk sirens
  An eye of devastation (shapeshifter) (Depths:3)
  16 elephants
  12 guardian serpents
  12 vault sentinels
  43 black mambas
  A gargoyle (D:10)
  17 cane toads
  2 orange demons
  A toenail golem (D:10)
  2 water nymphs
  A human skeleton (Vaults:4)
  2 rust devils
  9 smoke demons
  3 torpor snails
  4 eyes of devastation
  25 large abominations
  18 naga magi
  2 demonic crawlers (Abyss:3)
  2 human zombies (Vaults:3)
  4 ice devils
  An unseen horror (Abyss:3)
  A kobold demonologist (D:12)
  11 rime drakes
  2 efreet (Abyss:3)
  3 freezing wraiths
  61 yaktaurs
  2 tengu conjurers
  A komodo dragon (shapeshifter) (Vaults:5)
  7 komodo dragons
  2 hellwings
  6 polar bears
  24 merfolk
  3 trolls
  10 ancient zymes
  A meliai (shapeshifter) (Vaults:5)
  22 raiju
  44 saltlings (Desolation)
  A hornet (D:8)
  114 slime creatures
  8 snapping turtles
  A tengu simulacrum (Vaults:1)
  18 dream sheep
  2 wind drakes
  A slime creature (shapeshifter) (Abyss:3)
  20 blink frogs
  A human simulacrum (Vaults:4)
  A jumping spider (Vaults:2)
  2 flying skulls (Abyss:3)
  Sigmund (D:2)
  A jumping spider (shapeshifter) (D:11)
  2 shadows (Abyss:3)
  2 spriggans (shapeshifter)
  42 yaks
  6 wraiths
  2 vampires
  9 wyverns
  29 water elementals
  8 ynoxinuls
  2 air elementals (Elf:3)
  An elf zombie (Vaults:1)
  4 fire elementals
  The ghost of Symeon the Ogre Mage, an amateur OgVM (D:4)
  4 basilisks
  16 humans
  8 neqoxecs
  2 vampire mosquitoes (D:14)
  A redback (Vaults:2)
  A steam dragon (D:6)
  4 chaos spawn
  2 golden eyes (Slime:5)
  7 spatial vortices (Abyss:3)
  3 swamp worms (Lair:3)
  A warg (shapeshifter) (Abyss:3)
  5 wargs
  54 nagas
  A swamp worm (shapeshifter) (Abyss:3)
  An ogre zombie (Vaults:4)
  An acid dragon (D:11)
  19 water moccasins
  A meliai simulacrum (D:14)
  3 hell hounds (D:14)
  49 orc warriors
  A black bear (shapeshifter) (Vaults:5)
  2 floating eyes
  19 small abominations
  A sky beast (D:6)
  2 necrophages
  An ice beast (D:6)
  5 black bears
  An ogre (shapeshifter) (D:13)
  19 ogres
  4 boggarts (D:14)
  12 wolves
  2 centaurs
  Blork the orc (D:6)
  A phantom (D:6)
  5 earth elementals
  11 bullfrogs
  3 scorpions
  A hornet simulacrum (D:13)
  A water moccasin skeleton (D:5)
  An oklob sapling (D:7)
  11 killer bees
  5 wights (D:7)
  4 howler monkeys
  6 electric eels
  A bullfrog zombie (D:5)
  6 crimson imps
  3 quasits
  A centaur zombie (D:7)
  A jelly (shapeshifter) (Vaults:5)
  A bullfrog skeleton (D:7)
  38 orc priests
  Crazy Yiuf (D:2)
  2 gnoll shamans
  2 hounds
  7 jellies
  3 iron imps
  A centaur skeleton (D:7)
  Natasha (thrice) (D:2)
  4 hell rats (Lair:6)
  33 orc wizards
  A killer bee zombie (D:7)
  A hound skeleton (D:5)
  Robin (D:2)
  3 howler monkey zombies
  A howler monkey skeleton (D:7)
  13 gnolls
  7 adders
  A shadow imp (D:7)
  2 white imps
  4 ufetubi
  4 worms
  A dart slug (D:4)
  121 orcs
  23 endoplasms
  3 giant cockroaches
  15 hobgoblins
  12 jackals
  17 kobolds
  3 quokkas
  3 training dummies (Shoals:3)
  12 ball pythons
  7 bats
  4 frilled lizards
  21 goblins
  A jackal skeleton (D:4)
  A quokka skeleton (D:4)
  5 rats
  2 lurking horrors (Abyss:3)
  3 pillars of salt (Vaults:3)
  A plant (Shoals:3)
  14 starspawn tentacles
2748 creatures vanquished.

Vanquished Creatures (collateral kills)
  A draconian monk (Zot:4)
  3 vault wardens
  A draconian scorcher (Zot:4)
  An ironbound thunderhulk (Vaults:1)
  An ettin (Vaults:2)
  2 anacondas (Snake:4)
  A deep troll (Vaults:2)
  A mana viper (Snake:4)
  A naga (Snake:4)
  A hobgoblin (Bailey)
13 creatures vanquished.

Vanquished Creatures (others)
  A naga sharpshooter (Snake:4)
  A wretched star (Abyss:3)
  2 nagas
  A small abomination (Abyss:1)
  A quasit (Abyss:3)
  2 orc wizards (D:10)
  42 fungi
  3 lurking horrors (Abyss:3)
  2 pillars of salt (Vaults:3)
  108 plants
  18 starspawn tentacles
181 creatures vanquished.

Grand Total: 2942 creatures vanquished

Notes
Turn   | Place    | Note
-------+----------+-------------------------------------------
     0 | D:1      | maxonian the Ogre Berserker began the quest for the Orb.
     0 | D:1      | Reached XP level 1. HP: 24/24 MP: 1/1
   175 | D:1      | Reached XP level 2. HP: 23/33 MP: 2/2
   774 | D:1      | Reached XP level 3. HP: 33/40 MP: 3/3
  1218 | D:2      | Reached skill level 5 in Fighting
  1299 | D:2      | Found a runed translucent door.
  1300 | D:2      | Noticed Crazy Yiuf
  1307 | D:2      | Killed Crazy Yiuf
  1308 | D:2      | Reached XP level 4. HP: 24/50 MP: 4/4
  1582 | D:2      | Noticed Natasha
  1585 | D:2      | Killed Natasha
  1767 | D:2      | Reached XP level 5. HP: 53/59 MP: 5/5
  1782 | D:2      | Noticed Sigmund
  1790 | D:2      | Killed Sigmund
  1791 | D:2      | Reached skill level 6 in Fighting
  1791 | D:2      | Reached skill level 5 in Axes
  1791 | D:2      | Reached XP level 6. HP: 61/68 MP: 6/6
  1792 | D:2      | Reached ** piety under Trog
  1908 | D:2      | Noticed Natasha
  1914 | D:2      | Killed Natasha
  1915 | D:2      | Reached skill level 7 in Fighting
  1952 | D:2      | Noticed Natasha
  1958 | D:2      | Killed Natasha
  2089 | D:2      | Noticed Robin
  2131 | D:2      | Killed Robin
  2246 | D:2      | Found a faded altar of an unknown god.
  2973 | D:3      | Identified the +9 hand axe of Honour {antimagic, Dex+3}
  3130 | D:3      | Reached XP level 7. HP: 75/78 MP: 2/7
  3594 | D:4      | Reached skill level 8 in Fighting
  4050 | D:4      | Found a runed translucent door.
  4052 | D:4      | Noticed Symeon's ghost (amateur OgVM)
  4152 | D:4      | Reached *** piety under Trog
  4374 | D:5      | Entered Level 5 of the Dungeon
  4546 | D:5      | Reached skill level 9 in Fighting
  4549 | D:5      | Reached XP level 8. HP: 90/92 MP: 2/8
  5441 | D:5      | Reached skill level 10 in Fighting
  5549 | D:6      | Reached **** piety under Trog
  6240 | D:6      | Found a snail-covered altar of Cheibriados.
  6290 | D:6      | Reached skill level 11 in Fighting
  6290 | D:6      | Reached XP level 9. HP: 100/105 MP: 3/9
  6497 | D:6      | Found an iron altar of Okawaru.
  6516 | D:6      | Noticed Blork the orc
  6523 | D:6      | Killed Blork the orc
  6565 | D:6      | Found a hazy altar of Hepliaklqana.
  6801 | D:6      | Reached skill level 12 in Fighting
  7826 | D:7      | Reached skill level 10 in Axes
  8055 | D:7      | Reached skill level 13 in Fighting
  8150 | D:7      | Found a staircase to the Ecumenical Temple.
  8207 | D:7      | Found Rupt's Jewellery Boutique.
  8224 | D:7      | Reached XP level 10. HP: 117/119 MP: 3/10
  8260 | D:7      | Reached ***** piety under Trog
  8436 | D:7      | Found Acuyngun's Book Shoppe.
  8508 | D:7      | Found Bisour's General Store.
  8523 | D:7      | Bought a scroll of identify for 28 gold pieces
  8533 | D:7      | Found Zyfufo's Jewellery Shoppe.
  8607 | D:7      | Bought an amulet of reflection for 360 gold pieces
  8630 | D:7      | Found Ruxziguk's General Store.
  8672 | D:7      | Found a glowing golden altar of the Shining One.
  8714 | D:8      | Noticed a purple ugly thing
  8727 | D:8      | Killed a purple ugly thing
  8845 | D:8      | Found a flagged portal.
  8868 | Bailey   | Entered a bailey
  8894 | Bailey   | Noticed an orc warlord
  8957 | Bailey   | Noticed an orc knight
  8961 | Bailey   | Reached skill level 14 in Fighting
  8977 | Bailey   | Killed an orc knight
  9143 | Bailey   | Found a runed translucent gate.
  9150 | Bailey   | Found a runed translucent gate.
  9152 | Bailey   | Found a runed translucent gate.
  9159 | Bailey   | Noticed an orc knight
  9186 | Bailey   | Killed an orc knight
  9407 | Bailey   | Killed an orc warlord
  9408 | Bailey   | Reached skill level 15 in Fighting
  9834 | D:8      | Reached XP level 11. HP: 127/132 MP: 3/11
  9893 | D:8      | Found an ancient bone altar of Kikubaaqudgha.
 10010 | D:8      | Noticed Harold
 10322 | D:8      | Killed Harold
 11144 | D:9      | Reached skill level 16 in Fighting
 11301 | D:9      | Found a staircase to the Orcish Mines.
 11924 | D:9      | Found a shimmering altar of Xom.
 12098 | D:10     | Entered Level 10 of the Dungeon
 12149 | D:10     | Noticed a death yak
 12235 | D:10     | Found a staircase to the Lair.
 12393 | D:9      | Reached skill level 1 in Shields
 12537 | D:10     | Acquired the +1 kite shield of Hooz {Rampage rPois Will-
                  | rCorr}
 12539 | D:10     | Acquired the amulet of Benevolence {RegenMP rElec rCorr
                  | Dex+4}
 13052 | D:10     | Identified the +5 trident of Jymolab {speed, Contam
                  | *Corrode +Blink Fly}
 13582 | D:10     | Killed a death yak
 13824 | D:11     | Noticed a cyclops
 13846 | D:11     | Killed a cyclops
 13922 | D:11     | Noticed a seven-headed hydra
 13965 | D:11     | Noticed a cyclops
 13975 | D:11     | Killed a cyclops
 13976 | D:11     | Reached skill level 5 in Shields
 14218 | Lair:1   | Entered Level 1 of the Lair of Beasts
 14485 | Lair:1   | Reached skill level 1 in Throwing
 14498 | Lair:1   | Reached XP level 12. HP: 70/144 MP: 4/12
 14942 | Lair:1   | Noticed an eight-headed hydra
 14949 | Lair:1   | Killed an eight-headed hydra
 14950 | Lair:1   | Reached skill level 5 in Throwing
 14994 | Lair:1   | Noticed a seven-headed hydra
 14998 | Lair:1   | Killed a seven-headed hydra
 15667 | Lair:2   | Noticed a four-headed hydra
 15667 | Lair:2   | Noticed a death yak
 15667 | Lair:2   | Noticed a death yak
 15667 | Lair:2   | Noticed a death yak
 15668 | Lair:2   | Noticed a death yak
 15669 | Lair:2   | Noticed a death yak
 16180 | Lair:2   | Noticed a death yak
 16231 | Lair:2   | Killed a death yak
 16244 | Lair:1   | Killed a death yak
 16563 | Lair:2   | Killed a nine-headed hydra
 16856 | Lair:2   | Killed a death yak
 16859 | Lair:2   | Killed a death yak
 16865 | Lair:2   | Killed a death yak
 16866 | Lair:2   | Reached XP level 13. HP: 67/154 MP: 13/13
 17486 | Lair:3   | Identified the +7 fustibalus "Beetlebane" {flame, rC+ Str+3
                  | Dex+4 SInv}
 17535 | Lair:3   | Received a gift from Trog
 17535 | Lair:3   | Found the +10 zealot's sword {god gift, holy, *Rage rN+
                  | EV+3}
 17891 | Lair:3   | Found a staircase to the Snake Pit.
 19632 | Lair:4   | You fall into a shaft and drop 2 floors!
 19632 | Lair:6   | Entered Level 6 of the Lair of Beasts
 19735 | Lair:6   | Reached skill level 15 in Axes
 19886 | Lair:6   | Found a staircase to the Slime Pits.
 19886 | Lair:6   | Found a viscous altar of Jiyva.
 20406 | Lair:5   | Reached XP level 14. HP: 128/163 MP: 14/14
 20590 | Lair:4   | Upgraded the game from 0.28.0-43-g3370ac3207 to
                  | 0.28.0-45-g0d030f2227
 20760 | Lair:4   | Found a staircase to the Shoals.
 21872 | Lair:5   | Reached skill level 10 in Shields
 23077 | Lair:6   | Received a gift from Trog
 23688 | Lair:6   | Identified the ring of the Good {rPois Will+ Str+7}
 24082 | D:4      | Killed Symeon's ghost
 25827 | D:12     | Found an ancient bone altar of Kikubaaqudgha.
 26047 | D:12     | Reached XP level 15. HP: 171/171 MP: 15/15
 26529 | D:13     | Found a gate to the Vaults.
 26543 | D:12     | Reached skill level 17 in Fighting
 26905 | D:13     | Found a frozen archway.
 26944 | IceCv    | Entered an ice cave
 27109 | IceCv    | Received a gift from Trog
 27402 | IceCv    | Found the +4 skin of Zhor {*Englaciate rC+++ SInv}
 27481 | IceCv    | Noticed a frost giant
 27500 | IceCv    | Killed a frost giant
 27501 | IceCv    | Reached skill level 1 in Slings
 28630 | D:13     | Reached skill level 18 in Fighting
 28655 | D:14     | Noticed Azrael
 29525 | D:14     | Found Yfuguska's General Store.
 29934 | D:14     | Killed Azrael
 30360 | D:14     | Found a shimmering blue altar of Sif Muna.
 30446 | D:15     | Entered Level 15 of the Dungeon
 30599 | D:15     | Reached XP level 16. HP: 167/188 MP: 16/16
 30681 | D:15     | Received a gift from Trog
 30729 | D:15     | Identified the ring of Batuavy {rElec rF+ rC+++ Int-5
                  | Slay-5}
 30771 | D:15     | Found a staircase to the Depths.
 30780 | D:15     | Reached skill level 5 in Slings
 31106 | D:15     | Found Isycuh's Book Emporium.
 32096 | Snake:1  | Entered Level 1 of the Snake Pit
 32124 | Snake:1  | Identified the +0 robe of Free Expression {rN+}
 32161 | Snake:1  | Noticed a nagaraja
 32174 | Snake:1  | Killed a nagaraja
 32356 | Snake:1  | Reached skill level 19 in Fighting
 32579 | Snake:1  | Found Jahur's Jewellery Emporium.
 32747 | Snake:1  | Bought the ring "Byem Pys" {rF+ rC+ rN+ Int+4} for 889 gold
                  | pieces
 34644 | Snake:1  | Identified the +6 hand crossbow "Vuirimm" {vorpal, Str+4
                  | Int+3 SInv}
 35450 | Snake:2  | Found a bloodstained altar of Trog.
 35571 | Snake:2  | Found Juetui's Jewellery Boutique.
 35680 | Snake:2  | Reached XP level 17. HP: 145/200 MP: 17/17
 36313 | Snake:2  | Noticed Aizul
 36328 | Snake:2  | Killed Aizul
 36843 | Snake:2  | Reached skill level 20 in Fighting
 36925 | Snake:2  | Reached skill level 1 in Armour
 37663 | Snake:3  | Noticed Vashnia
 37748 | Snake:2  | Killed Vashnia
 38558 | Snake:3  | Found a runed translucent door.
 38559 | Snake:3  | Noticed Dadghomedgh's ghost (adept GnWz)
 38559 | Snake:3  | Found the +7 great mace "Undeadhunter" {disrupt, rN+}
 39790 | Snake:4  | Entered Level 4 of the Snake Pit
 39967 | Snake:4  | Reached skill level 21 in Fighting
 40525 | Snake:4  | Found Gixtolig's Jewellery Shop.
 40526 | Snake:4  | Found Waucliw's Book Shoppe.
 40529 | Snake:4  | Found Ycunlor's Jewellery Shop.
 40652 | Snake:4  | Reached XP level 18. HP: 155/215 MP: 0/18
 40982 | Snake:4  | Received a gift from Trog
 41413 | Snake:4  | Reached skill level 22 in Fighting
 41665 | Snake:4  | Reached skill level 15 in Shields
 41853 | Snake:4  | Got a serpentine rune of Zot
 42190 | Vaults:1 | Entered Level 1 of the Vaults
 42953 | Vaults:1 | HP: 5/221 [ironbound thunderhulk/bolt of lightning (42)]
 43597 | Vaults:1 | Reached skill level 5 in Armour
 43957 | Vaults:1 | Reached skill level 23 in Fighting
 44863 | Vaults:1 | Found a gateway to a bazaar.
 45134 | Vaults:1 | Found a portal to a secret trove of treasure.
 45237 | Vaults:1 | Identified the +5 executioner's axe "Digy" {god gift,
                  | vorpal, rN+ Str+3 Dex+4} (Trog gifted it to you on level 1
                  | of the Vaults)
 45237 | Vaults:1 | Received a gift from Trog
 45249 | Vaults:1 | Reached XP level 19. HP: 204/231 MP: 19/19
 46062 | Vaults:2 | Found the brooch of Shielding {Spirit SH+8}
 47275 | Vaults:2 | Reached skill level 24 in Fighting
 48022 | Vaults:2 | Noticed Mennas
 49414 | Vaults:2 | Reached skill level 25 in Fighting
 49813 | Orc:1    | Entered Level 1 of the Orcish Mines
 50332 | Orc:1    | Received a gift from Trog
 50488 | Orc:1    | Reached XP level 20. HP: 146/249 MP: 20/20
 51058 | Orc:2    | Entered Level 2 of the Orcish Mines
 51185 | Orc:2    | Found a transporter.
 51267 | Orc:2    | Noticed ciphuk's ghost (journeyman GnVM)
 51411 | Orc:2    | Found a transporter.
 51495 | Orc:2    | Gained mutation: You have a beak for a mouth. [a neqoxec]
 51512 | Orc:2    | Killed ciphuk's ghost
 51543 | Orc:2    | Identified the +1 robe "Zixierargh" {Will+ rCorr Str-2
                  | Slay+2}
 51761 | Orc:2    | Found a staircase to the Elven Halls.
 51876 | Orc:2    | Found Qosa's General Store.
 51878 | Orc:2    | Reached skill level 10 in Armour
 51884 | Orc:2    | Found Xoufe's General Store.
 51918 | Orc:2    | Reached ****** piety under Trog
 51938 | Orc:2    | Received a gift from Trog
 52172 | Orc:2    | Found Totudwos's Antique Weapon Emporium.
 52172 | Orc:2    | Found Rejog's Jewellery Shoppe.
 52172 | Orc:2    | Found a one-way gate leading to the halls of Pandemonium.
 52215 | Orc:2    | Bought a scroll of magic mapping for 56 gold pieces
 52215 | Orc:2    | Bought a potion of haste for 160 gold pieces
 52215 | Orc:2    | Bought a scroll of fog for 32 gold pieces
 52245 | Elf:1    | Entered Level 1 of the Elven Halls
 52640 | Elf:1    | Found Cinev's Magic Scroll Emporium.
 52650 | Elf:1    | Bought a scroll of blinking for 97 gold pieces
 52650 | Elf:1    | Bought a scroll of summoning for 123 gold pieces
 52859 | Elf:1    | Reached skill level 26 in Fighting
 53187 | Elf:1    | Identified the -4 cloak of an ice cave {Fly Int+2}
 53285 | Elf:1    | Received a gift from Trog
 54150 | Elf:2    | Found Uffemig's General Store.
 54187 | Elf:2    | Bought a scroll of teleportation for 63 gold pieces
 54303 | Elf:2    | Found Hueth's Antique Weapon Emporium.
 54384 | Elf:2    | Received a gift from Trog
 54992 | Elf:2    | Found a runed translucent gate.
 54992 | Elf:2    | Found a runed translucent gate.
 54992 | Elf:2    | Found a runed translucent gate.
 55036 | Elf:2    | Found Vuklail's Assorted Antiques.
 55129 | Elf:2    | Bought a potion of curing for 75 gold pieces
 55129 | Elf:2    | Bought a potion of curing for 75 gold pieces
 55181 | Elf:2    | Found Ohikeuv's Antique Weapon Shop.
 55260 | Elf:2    | Noticed Saint Roka
 55375 | Elf:2    | Killed Saint Roka
 55998 | Elf:2    | Reached XP level 21. HP: 256/262 MP: 21/21
 56113 | Elf:3    | Entered Level 3 of the Elven Halls
 56113 | Elf:3    | Found Ticathroi's Weapon Emporium.
 56363 | Elf:3    | Identified the +8 hand axe of Gupt {god gift, vorpal, *Slow
                  | rPois Will- rCorr} (Trog gifted it to you on level 3 of the
                  | Elven Halls)
 56363 | Elf:3    | Received a gift from Trog
 56486 | Elf:3    | Found Zauwn's Assorted Antiques.
 56493 | Elf:3    | Bought a scroll of teleportation for 102 gold pieces
 56493 | Elf:3    | Bought a scroll of blinking for 255 gold pieces
 56496 | Elf:3    | Paralysed by an air elemental for 1 turns
 56680 | Elf:3    | Paralysed by an air elemental for 1 turns
 56706 | Elf:3    | Found Geravurch's Weapon Shoppe.
 56873 | Elf:3    | Found Osunotwatz's Magic Scroll Emporium.
 57080 | Elf:3    | Bought a scroll of fear for 45 gold pieces
 57080 | Elf:3    | Bought a scroll of blinking for 97 gold pieces
 57080 | Elf:3    | Bought a scroll of blinking for 97 gold pieces
 57080 | Elf:3    | Bought a scroll of summoning for 123 gold pieces
 58209 | Elf:3    | Reached skill level 27 in Fighting
 58825 | Elf:3    | Identified the +1 leather armour "Wekaedunn" {Regen+ Str+2
                  | Dex-2}
 58925 | Elf:3    | Got the Grimoire of Snow
 59443 | D:14     | Bought a scroll of enchant armour for 90 gold pieces
 59723 | Shoals:1 | Entered Level 1 of the Shoals
 60178 | Shoals:1 | Found a runed translucent gate.
 60178 | Shoals:1 | Found a runed translucent gate.
 60178 | Shoals:1 | Found a runed translucent gate.
 60179 | Shoals:1 | Found an opulent altar of Gozag.
 60180 | Shoals:1 | Noticed Mattiprrivan's ghost (journeyman DrBe)
 60181 | Shoals:1 | Found Doxzico's Assorted Antiques.
 60182 | Shoals:1 | Found Ympireypn's Assorted Antiques.
 60216 | Shoals:1 | Killed Mattiprrivan's ghost
 60296 | Shoals:1 | Bought a scroll of teleportation for 117 gold pieces
 60299 | Shoals:1 | Bought a sapphire ring for 165 gold pieces
 60299 | Shoals:1 | Bought an embroidered scarf for 264 gold pieces
 60487 | Shoals:1 | Received a gift from Trog
 61597 | Shoals:3 | Found Owozugig's Firing Range.
 61990 | Shoals:3 | Found Vijeytzu's Antique Armour Emporium.
 62362 | Shoals:3 | Received a gift from Trog
 62440 | Shoals:3 | Noticed Nikola
 62464 | Shoals:3 | Killed Nikola
 62832 | Shoals:4 | Entered Level 4 of the Shoals
 62921 | Shoals:4 | Reached XP level 22. HP: 275/275 MP: 22/22
 63456 | Shoals:4 | Received a gift from Trog
 63582 | Shoals:4 | Got a barnacled rune of Zot
 63687 | Shoals:4 | Identified the +1 leather armour of the Dolphin {Will+
                  | Int+3}
 64409 | Vaults:2 | Killed Mennas
 64603 | Vaults:2 | Found a staircase to the Crypt.
 64603 | Vaults:2 | Found an ancient bone altar of Kikubaaqudgha.
 64604 | Vaults:2 | Found a basalt altar of Yredelemnul.
 64893 | Vaults:3 | Found a crumbling gateway.
 64907 | Desolati | Entered the Desolation of Salt
 65375 | Desolati | Identified the +6 scale mail of Creativity {Rampage Stlth+}
 65557 | Desolati | Found the +13 scythe of Curses {drain, Drain}
 65577 | Desolati | Got the Reference Book on Creation and Ignition
 65595 | Desolati | Identified the amulet "Satus" {Regen+ rCorr Str+7}
 65774 | Desolati | Identified the ring "Yteuh" {rElec SInv}
 65781 | Desolati | Identified the +5 scale mail of Precision Catastrophes
                  | {-Cast rN++}
 65791 | Desolati | Identified the +2 robe of Hepliaklqana's Anger {rC+ Slay+3}
 65799 | Desolati | Identified the ring of Firorum {rN+ Will+}
 65944 | Desolati | Identified the ring of Nudysa {rF+ rC+ MP+9}
 66030 | Vaults:3 | Identified the +3 leather armour "Ziarocseibb" {rPois MP-9
                  | Int+2 Dex+3}
 66402 | Vaults:3 | Received a gift from Trog
 67624 | Vaults:3 | Reached XP level 23. HP: 284/284 MP: 23/23
 67773 | Vaults:3 | Noticed Mara
 67785 | Vaults:3 | Killed Mara
 68209 | Vaults:4 | Acquired the -2 hat of the Alchemist {rElec rPois rF+ rC+
                  | rN+ Will+ rMut rCorr}
 68209 | Vaults:4 | Found the -2 hat of the Alchemist {rElec rPois rF+ rC+ rN+
                  | Will+ rMut rCorr}
 68268 | Vaults:4 | Received a gift from Trog
 69092 | Vaults:4 | Received a gift from Trog
 70067 | Depths:1 | Entered Level 1 of the Depths
 70570 | Depths:1 | Found a gateway to Hell.
 71092 | Depths:1 | Found a stormy altar of Qazlal.
 72477 | Depths:2 | Found a one-way gate to the infinite horrors of the Abyss.
 72563 | Depths:2 | Received a gift from Trog
 72632 | Depths:2 | Found the +6 Majin-Bo {vamp, MP+6 Int+6}
 72746 | Depths:2 | Reached XP level 24. HP: 256/295 MP: 23/23
 72909 | Depths:2 | Found a one-way gateway to a ziggurat.
 73686 | Depths:3 | Noticed a juggernaut
 73707 | Depths:3 | Killed a juggernaut
 74353 | Depths:3 | Identified the +5 falchion "Luhit" {speed, rC+ SInv}
 74611 | Depths:3 | Paralysed by a floating eye for 2 turns
 74642 | Depths:3 | Found a broken altar of Ashenzari.
 74833 | Depths:3 | Found a runed translucent door.
 74834 | Depths:3 | Noticed a caustic shrike
 74918 | Depths:4 | Entered Level 4 of the Depths
 74924 | Depths:4 | Noticed a juggernaut
 74937 | Depths:3 | Killed a juggernaut
 75081 | Depths:4 | Noticed Louise
 75093 | Depths:4 | Killed Louise
 75218 | Depths:4 | Received a gift from Trog
 75922 | Depths:4 | Found a gate to the Realm of Zot.
 76012 | Depths:4 | Reached skill level 10 in Throwing
 76561 | Bazaar   | Entered a bazaar
 76561 | Bazaar   | Found Jeneh's Antique Weapon Shoppe.
 76568 | Bazaar   | Bought the +8 mithril axe "Arga" {speed, Will+} for 1162
                  | gold pieces
 76568 | Bazaar   | Found the +8 mithril axe "Arga" {speed, Will+}
 76572 | Bazaar   | Found Duhyast's Book Boutique.
 76584 | Bazaar   | Found Suurhiud's Antique Armour Emporium.
 76592 | Bazaar   | Found Ohyw's General Store.
 76603 | Bazaar   | Found Wamy's Magic Scroll Boutique.
 76625 | Bazaar   | Bought the +3 sling "Punk" {acid, rCorr} for 1171 gold
                  | pieces
 76625 | Bazaar   | Found the +3 sling "Punk" {acid, rCorr}
 76639 | Bazaar   | Bought a scroll of teleportation for 42 gold pieces
 76639 | Bazaar   | Bought a scroll of teleportation for 42 gold pieces
 76650 | Bazaar   | Bought a scroll of teleportation for 27 gold pieces
 76650 | Bazaar   | Bought a scroll of teleportation for 27 gold pieces
 76650 | Bazaar   | Bought a potion of heal wounds for 45 gold pieces
 76678 | Bazaar   | Bought a scroll of enchant armour for 105 gold pieces
 76678 | Bazaar   | Bought a scroll of enchant weapon for 105 gold pieces
 76703 | Bazaar   | Bought a fine hat for 225 gold pieces
 76703 | Bazaar   | Identified the +5 hat of Suqeufia {Contam rN+ Slay+3} (You
                  | bought it in a shop in a bazaar)
 76815 | Vaults:5 | Entered Level 5 of the Vaults
 77219 | Vaults:5 | Reached XP level 25. HP: 278/304 MP: 23/23
 77528 | Vaults:5 | Received a gift from Trog
 77722 | Vaults:5 | Noticed a dread lich
 77734 | Vaults:5 | Killed a dread lich
 78247 | Vaults:5 | Got Pame's Catalogue of Fire
 78468 | Vaults:5 | Found the +18 shield of the Gong {rElec rN+ Will+ EV-5}
 78613 | Vaults:5 | Identified the +4 chain mail of the Moon {rN+ rCorr}
 78748 | Vaults:5 | Got a silver rune of Zot
 79113 | Vaults:5 | Noticed an ancient lich
 79132 | Vaults:5 | Killed an ancient lich
 79132 | Vaults:5 | Received a gift from Trog
 79694 | Orc:2    | Bought 2 atropa-tipped darts for 16 gold pieces
 79947 | Slime:1  | Entered Level 1 of the Pits of Slime
 80255 | Slime:5  | Entered Level 5 of the Pits of Slime
 80518 | Slime:5  | Reached skill level 15 in Throwing
 80543 | Slime:5  | Gained mutation: You do not regenerate when monsters are
                  | visible. [a shining eye]
 80956 | Slime:5  | Paralysed by a floating eye for 3 turns
 81061 | Slime:5  | Noticed the Royal Jelly
 81578 | Slime:4  | Received a gift from Trog
 82149 | Slime:4  | Lost mutation: You do not regenerate when monsters are
                  | visible. [potion of mutation]
 82149 | Slime:4  | Lost mutation: You have a beak for a mouth. [potion of
                  | mutation]
 82149 | Slime:4  | Gained mutation: You are clumsy. (Dex -2) [potion of
                  | mutation]
 82149 | Slime:4  | Gained mutation: Armour fits poorly on your strangely
                  | shaped body. [potion of mutation]
 82149 | Slime:4  | Gained mutation: Your muscles are strong. (Str +2) [potion
                  | of mutation]
 82149 | Slime:4  | Gained mutation: You have large cloven feet. [potion of
                  | mutation]
 82150 | Slime:4  | Lost mutation: Your muscles are strong. (Str +2) [potion of
                  | mutation]
 82150 | Slime:4  | Lost mutation: Armour fits poorly on your strangely shaped
                  | body. [potion of mutation]
 82150 | Slime:4  | Gained mutation: You have hidden genetic defects. [potion
                  | of mutation]
 82150 | Slime:4  | Gained mutation: Your magical capacity is low. (-10% MP)
                  | [potion of mutation]
 82151 | Slime:4  | Lost mutation: You have hidden genetic defects. [potion of
                  | mutation]
 82151 | Slime:4  | Lost mutation: Your magical capacity is low. (-10% MP)
                  | [potion of mutation]
 82151 | Slime:4  | Lost mutation: You are clumsy. (Dex -2) [potion of
                  | mutation]
 82151 | Slime:4  | Gained mutation: Your spells are a little easier to cast,
                  | but a little less powerful. [potion of mutation]
 82151 | Slime:4  | Gained mutation: You are partially covered in iridescent
                  | scales. (AC +2) [potion of mutation]
 82188 | Slime:5  | Killed the Royal Jelly
 82759 | Slime:5  | Found the +5 demon whip "Spellbinder" {antimagic, Will+}
 82759 | Slime:5  | Found the amulet of the Air {Inacc Air Fly rElec RMsl}
 82787 | Slime:5  | Reached XP level 26. HP: 229/314 MP: 23/23
 82988 | Slime:5  | Got the Collected Works on Enchantment and Feathers
 83015 | Slime:5  | Identified the +2 leather armour of Ligim {Str+2}
 83029 | Slime:5  | Identified the +11 rapier of Execution {vorpal, Int+7}
 83032 | Slime:5  | Got the Disquisition on Cold and Curses
 83037 | Slime:5  | Got a slimy rune of Zot
 83065 | Slime:5  | Identified the +4 dagger "Gram" {vorpal, Int+3}
 83457 | Depths:2 | Voluntarily entered the Abyss.
 83675 | Abyss:1  | Noticed an ancient lich
 83690 | Abyss:1  | Killed an ancient lich
 83902 | Abyss:1  | Identified the +4 tower shield of the Invisible Hand {+Inv
                  | rPois Int+2 SInv}
 84174 | Abyss:3  | Found a transporter.
 84177 | Abyss:3  | Found a transporter.
 84178 | Abyss:3  | Found a corrupted altar of Lugonu.
 84220 | Abyss:3  | Identified the ring "Ygras" {Contam rElec rPois Dex+4}
 84961 | Abyss:3  | Gained mutation: You are occasionally teleported next to
                  | monsters. [a neqoxec]
 85296 | Abyss:3  | Lost mutation: Your spells are a little easier to cast, but
                  | a little less powerful. [a neqoxec]
 85583 | Abyss:3  | Noticed a dread lich
 85595 | Abyss:3  | Killed a dread lich
 85790 | Abyss:3  | Found a corrupted altar of Lugonu.
 85866 | Depths:2 | Escaped the Abyss
 86055 | Zot:1    | Entered Level 1 of the Realm of Zot
 86332 | Depths:4 | Lost mutation: You have large cloven feet. [potion of
                  | mutation]
 86332 | Depths:4 | Lost mutation: You are partially covered in iridescent
                  | scales. (AC +2) [potion of mutation]
 86332 | Depths:4 | Gained mutation: You have hidden genetic potential. [potion
                  | of mutation]
 86332 | Depths:4 | Lost mutation: You are occasionally teleported next to
                  | monsters. [potion of mutation]
 86332 | Depths:4 | Gained mutation: You have sharp toenails. [potion of
                  | mutation]
 88477 | Zot:2    | Reached skill level 15 in Armour
 89122 | Zot:2    | Noticed an orb of fire
 89152 | Zot:2    | Gained mutation: Armour fits poorly on your strangely
                  | shaped body. [an orb of fire]
 89162 | Zot:2    | Killed an orb of fire
 89462 | Zot:1    | Acquired the +2 cloak "Uwnyczebb" {rF+ rN+ MP+9}
 89801 | D:7      | Bought a +4 ring of slaying for 936 gold pieces
 93623 | Zot:4    | Reached XP level 27. HP: 304/323 MP: 23/23
 93881 | Zot:5    | Entered Level 5 of the Realm of Zot
 95107 | Zot:5    | Noticed an orb of fire
 95111 | Zot:5    | Noticed an orb of fire
 95128 | Zot:4    | Killed an orb of fire
 95298 | Zot:5    | Noticed an orb of fire
 95305 | Zot:5    | Noticed an orb of fire
 95307 | Zot:5    | Gained mutation: You do not regenerate when monsters are
                  | visible. [an orb of fire]
 95312 | Zot:4    | Killed an orb of fire
 95709 | Zot:4    | Killed an orb of fire
 95869 | Zot:5    | Identified the ring of Hemyogo {Dex+6 SInv}
 95869 | Zot:5    | Noticed an orb of fire
 95880 | Zot:5    | Killed an orb of fire
 95908 | Zot:5    | Killed an orb of fire
 96142 | Zot:5    | Lost mutation: You do not regenerate when monsters are
                  | visible. [potion of mutation]
 96142 | Zot:5    | Lost mutation: You have hidden genetic potential. [potion
                  | of mutation]
 96142 | Zot:5    | Gained mutation: You expend magic power (3 MP) to
                  | strengthen your wands. [potion of mutation]
 96142 | Zot:5    | Gained mutation: Your muscles are strong. (Str +2) [potion
                  | of mutation]
 96143 | Zot:5    | Lost mutation: Your muscles are strong. (Str +2) [potion of
                  | mutation]
 96143 | Zot:5    | Lost mutation: You have sharp toenails. [potion of
                  | mutation]
 96143 | Zot:5    | Lost mutation: Armour fits poorly on your strangely shaped
                  | body. [potion of mutation]
 96143 | Zot:5    | Gained mutation: Your flesh is heat resistant. (rF+)
                  | [potion of mutation]
 96143 | Zot:5    | Gained mutation: You have sharp toenails. [potion of
                  | mutation]
 96216 | Zot:5    | Noticed a juggernaut
 96216 | Zot:5    | a Killer Klown changed into a juggernaut
 96221 | Zot:5    | Killed a juggernaut
 96221 | Zot:5    | Noticed a dread lich
 96370 | Zot:5    | Killed a dread lich
 96420 | Zot:5    | Noticed a dread lich
 96426 | Zot:5    | Killed a dread lich
 96816 | Zot:5    | Got the Orb of Zot
 96876 | Zot:5    | Noticed Rido the pandemonium lord
 97239 | D:9      | Noticed Daluciosh the pandemonium lord
 97422 | D:$      | Escaped with the Orb!

Illustrated notes

Levels and vault maps discovered:
D:1:      dpeg_arrival_simpleton_b, layout_basic
D:2:      layout_loops_ring, dreamdust_ecumenical_altar_statues,
          minmay_misc_feat_encased, minmay_tromino_v7, uniq_sigmund,
          uniq_crazy_yiuf_cottage, uniq_natasha, uniq_robin
D:3:      layout_basic
D:4:      layout_gridville, ebering_ghost_sewer_d
D:5:      layout_rooms
D:6:      lemuel_slime, layout_loops_ring, lemuel_crystal_altar,
          mainiacjoe_overflow_cross_hatched, cheibrodos_worm_habitat,
          corexii_checkpoint_a, uniq_blork_the_orc
D:7:      layout_cave_pools, lemuel_round_altar, minmay_temple_entry_oklob,
          serial_shops, nicolae_shop_waterfront, nicolae_shop_statue_plus,
          kennysheep_mini, nicolae_take_the_stairs, nicolae_diamond_shop,
          grunt_potential
D:8:      layout_basic, lemuel_coloured_pillars_altar, enter_bailey_5,
          uniq_harold
D:9:      layout_loops_ring, led_xom_imps, erik_orc_2, minmay_diced_spiral
D:10:     layout_long_grid, david_lair_generic
D:11:     layout_long_grid, minmay_microvault
D:12:     layout_loops_ring, nicolae_zen_rock_garden, kiku_gazebo_pond_becter
D:13:     layout_gridville, david_vaults_3, portal_ice_cave_demonic_guard,
          nrook_guardian_serpent_ordinary
D:14:     layout_stronghold, serial_shops, shop, minmay_fountain_box, tgw_sif,
          uniq_azrael
D:15:     grunt_enter_depths_snipers, layout_grid_maze, chequers_big_river,
          serial_shops, nicolae_shop_waterfront
Lair:1:   layout_chaotic_city, grunt_megastairs_1, serial_bayou_shore_b,
          infiniplex_staircase_pool, serial_bayou_shore_b
Lair:2:   layout_hall_layers, chequers_serial_rivers_large_a,
          beast_lair_carwin_11
Lair:3:   layout_small_grid, guppyfry_snake_entry_garden, worms_lemuel
Lair:4:   layout_loops_ring, minmay_shoals_entry_lonely_mermaid,
          nicolae_lair_lakeside_cave
Lair:5:   layout_loops_ring, grunt_megastairs_2
Lair:6:   evilmike_catoblepas_cave, layout_cave_shapes, slime_altar_1
Shoals:1: layout_shoals, ebering_ghost_gozag
Shoals:2: layout_shoals
Shoals:3: layout_shoals, serial_shops, shop_statue,
          nicolae_shoals_lost_giant_hut, nicolae_shop_firing_range, uniq_nikola
Shoals:4: shoals_end_hellmonk_lost_city
Snake:1:  kennysheep_snake, layout_basic, minmay_shop_star
Snake:2:  layout_misc_corridors, serial_bayou, serial_bayou_shore_a,
          serial_bayou_ford_a, serial_bayou_shore_b, serial_bayou_pond_b,
          serial_bayou_pond_b, serial_shops, shop, grunt_ministairs_2,
          lemuel_oklob_altar, uniq_aizul
Snake:3:  layout_basic, gammafunk_ghost_grave, uniq_vashnia
Snake:4:  grunt_snake_rune_serpentine_throne, layout_onion_interference,
          minmay_shop_grove
Slime:1:  layout_caves
Slime:2:  layout_caves
Slime:3:  layout_caves
Slime:4:  layout_caves, nicolae_slime_barrier
Slime:5
Orc:1:    giant_chief_lemuel, layout_diamond_mine
Orc:2:    pf_orc_diabolical, layout_caves, gammafunk_ghost_stat_death,
          hellmonk_bongcloud_opening
Elf:1:    minmay_elf_arrival_summoners, layout_geoelf_diagonals, serial_shops,
          nicolae_shop_trees, hangedman_elven_crosses_minicolossus, minivault_20
Elf:2:    elven_hall_of_blades_hangedman_original [nicolae_blade_little_rooms],
          layout_onion_city, serial_shops, nicolae_shop_statue_plus,
          nicolae_square_shop, nicolae_lakefront_shop, nicolae_shop_stone,
          minivault_5, uniq_saint_roka
Elf:3:    minmay_elf_hall_dome, layout_geoelf_grid, serial_shops,
          nicolae_shop_temple_entry_statues_fountains, shop,
          nicolae_shop_bloodbath_and_beyond, nicolae_shop_stone,
          grunt_ministairs_13
Vaults:1: grunt_vaults_twisty, serial_ice_h, ontoclasm_vaults_chip, v_misc_3,
          nicolae_vaults_yaktaur_gun_rack, vaults_dpeg_spiral,
          vaults_standard_mumra_x, ontoclasm_vaults_ring_square,
          vaults_dpeg_ring, grunt_vaults_hallway_short, vaults_dpeg_hooks,
          layout_vaults_omnicross, serial_shops, statue_bzr,
          nicolae_trove_entry_crystal
Vaults:2: st_octagons_1, hangedman_vaults_restitches, vaults_mumra_minichess,
          v_rooms_4, grunt_vaults_hallway_short, v_alt_pattern_2,
          vaults_dpeg_doors, nicolae_vaults_three_branches,
          hangedman_vaults_stitches, minmay_crypt_entry_necro_gods,
          hangedman_vaults_impose, vaults_room_door_ring, grunt_vaults_focal,
          layout_vaults_omnibox, uniq_mennas
Vaults:3: portal_desolation_entry_garden, nicolae_vaults_network_quinsquares
          [nicolae_vaults_network_quincunx_subvault,
          nicolae_vaults_network_quincunx_subvault,
          nicolae_vaults_network_quincunx_subvault,
          nicolae_vaults_network_quincunx_subvault], v_pattern_1, v_misc_18,
          ontoclasm_vaults_tryst, v_misc_10, v_rooms_5, v_misc_12,
          layout_vaults_omnigrid, uniq_mara
Vaults:4: vaults_standard_mumra_enter_the_diamond, ontoclasm_vaults_pinch,
          ontoclasm_vaults_claustrophobia, nicolae_vaults_know_your_exits,
          hangedman_vaults_stream, ontoclasm_vaults_shuriken, vaults_room_pool,
          v_alt_pattern_2, nicolae_vaults_asterisk, v_rooms_5, v_alt_pattern_6,
          hangedman_vaults_snaps, layout_vaults_maze_snakey
Vaults:5: serial_shops
Depths:1: layout_basic, grunt_hell_entry_dis_mu, kennysheep_minor_cross,
          grunt_qazlal_clouds
Depths:2: minmay_guarded_unrand_majin_bo, layout_cave_pools, enter_ziggurat_b,
          abyss_entry_glasseish, pan_entry, grunt_mini_vestibule,
          nicolae_lava_and_water
Depths:3: nzn_winding_woodlands_three_and_one [nzn_winding_woodlands_5x15_cabin,
          nzn_winding_woodlands_5x15_sidewinder,
          nzn_winding_woodlands_5x15_parted,
          nzn_winding_woodlands_center_diamonds], layout_cave_pools, hell_entry,
          ashenzari_conservatory_becter, abyss_entry, rand_demon_pan_entry_4,
          kennysheep_treasure_room
Depths:4: evilmike_zot_entry_diamond, layout_cave_pools,
          nicolae_abyss_entry_one_way_or_another, hell_entry,
          serial_sigils_hangedman_snap, serial_bayou_shore_b
Zot:1:    layout_twisted_circle
Zot:2:    kennysheep_blocky_hall, layout_basic
Zot:3:    layout_basic, grunt_megastairs_3
Zot:4:    layout_cathedral_of_symmetry, grunt_megastairs_5
Zot:5:    layout_basic, grunt_ministairs_12

Skill      XL: |  1  2  3  4  5  6  7  8  9 10 11 12 13 14 15 16 17 18 19 20 21 22 23 24 25 26 27 |
---------------+----------------------------------------------------------------------------------+-----
Fighting       | 5 6 7 9 11 13 15 16 18 19 21 23 25 26 27 | 27.0
Axes           | 4 5 6 8 10 11 12 13 15 18 20 21 23 | 23.0
Shields        | 6 7 9 11 12 13 14 15 16 17 19 20 21 | 21.3
Throwing       | 2 8 11 15 19 22 | 22.1
Slings         | 4 7 9 |  9.1
Armour         | 3 6 9 10 12 14 15 17 | 17.0
Dodging        | |  2.6

Action                   |  1- 3 |  4- 6 |  7- 9 | 10-12 | 13-15 | 16-18 | 19-21 | 22-24 | 25-27 || total
-------------------------+-------+-------+-------+-------+-------+-------+-------+-------+-------++-------
Melee: Hand axe          |    87 |    16 |   305 |   604 |       |       |       |       |       ||  1012
       Quarterstaff      |       |   116 |       |       |       |       |       |       |       ||   116
       Punch             |       |       |     3 |       |       |       |       |       |       ||     3
       Broad axe         |       |       |       |    23 |   573 |   773 |  1060 |  1063 |  2085 ||  5577
       Peck              |       |       |       |       |       |       |   156 |   306 |   172 ||   634
       Kick              |       |       |       |       |       |       |       |       |   786 ||   786
       Demon whip        |       |       |       |       |       |       |       |       |    20 ||    20
 Fire: Hunting sling     |       |    10 |       |       |       |       |       |       |       ||    10
       Fustibalus        |       |       |       |       |   432 |   414 |   397 |   149 |    72 ||  1464
Throw: Stone             |     7 |     1 |     9 |     9 |       |       |       |       |       ||    26
       Large rock        |       |       |       |    12 |     3 |    28 |    39 |    53 |   245 ||   380
Invok: Berserk           |     3 |     2 |     6 |     7 |     1 |     6 |    10 |     8 |       ||    43
       Trog's Hand       |       |       |     1 |     6 |     8 |    23 |    26 |    28 |    53 ||   145
       Brothers in Arms  |       |       |       |     1 |       |     1 |     1 |       |       ||     3
Evoke: Wand              |       |       |     1 |     1 |     1 |     1 |       |       |     6 ||    10
  Use: Potion            |       |     3 |     2 |       |     1 |     3 |       |       |    18 ||    27
       Scroll            |       |       |       |    12 |    14 |    13 |     8 |     7 |    14 ||    68
 Stab: Sleeping          |     1 |       |     2 |       |       |       |       |       |       ||     3
       Distracted        |       |       |     1 |       |       |       |       |     1 |       ||     2
Armor: Animal skin       |    28 |    54 |    53 |       |    13 |    98 |    54 |    52 |       ||   352
       Steam dragon scal |       |       |    19 |   115 |   135 |       |       |       |       ||   269
       Gold dragon scale |       |       |       |       |       |       |       |     5 |   365 ||   370
       Storm dragon scal |       |       |       |       |       |       |       |     2 |       ||     2
Dodge: Dodged            |    48 |    87 |   102 |   134 |   138 |   133 |   121 |   115 |   104 ||   982
       Repelled          |       |       |       |       |       |       |     8 |    11 |    16 ||    35
Block: Kite shield       |       |       |    26 |   322 |   397 |   350 |       |       |       ||  1095
       Reflection        |       |       |       |    17 |    13 |   143 |   169 |   114 |    64 ||   520
       Tower shield      |       |       |       |       |       |   358 |  1058 |  1088 |  1674 ||  4178
